 Dungeon Crawl Stone Soup version 0.23-a0-484-g29ba69c (webtiles) character file.

1687 galech the Chopper (level 8, -4/64 HPs)
             Began as a Demonspawn Fighter on Nov 30, 2018.
             Was an Initiate of Okawaru.
             Slain by a hornet (6 damage)
             ... on level 7 of the Dungeon.
             The game lasted 00:06:56 (5177 turns).

galech the Chopper (Demonspawn Fighter)             Turns: 5177, Time: 00:06:57

Health: -4/64      AC: 13    Str: 22    XL:     8   Next: 71%
Magic:  0/8        EV:  5    Int: 10    God:    Okawaru [......]
Gold:   412        SH: 10    Dex: 14    Spells: 7/7 levels left

rFire    . . .     SeeInvis .   a - +1 war axe
rCold    + . .     Gourm    .   c - +0 shield
rNeg     . . .     Faith    .   r - +0 plate armour
rPois    .         Spirit   +   (helmet restricted)
rElec    .         Reflect  .   y - +0 cloak
rCorr    +         Harm     .   (no gloves)
MR       .....                  (no boots)
Stlth    ..........             u - amulet of guardian spirit
HPRegen  0.20/turn              m - ring of resist corrosion
MPRegen  0.11/turn              (no ring)

@: mighty, about to teleport, slowed, very slow
A: horns 2, cold resistance 1, rot immunity
a: Renounce Religion


You were on level 7 of the Dungeon.
You worshipped Okawaru.
Okawaru was noncommittal.
You were hungry.

You visited 2 branches of the dungeon, and saw 8 of its levels.
You also visited: Sewer.

You collected 412 gold pieces.

Inventory:

Hand Weapons
 a - a +1 war axe (weapon)
Armour
 c - a +0 shield (worn)
 r - a +0 plate armour (worn)
 y - a +0 cloak (worn)
Jewellery
 l - an uncursed amulet of harm
 m - a ring of resist corrosion (left hand)
 u - an amulet of guardian spirit (around neck)
Wands
 F - a wand of disintegration (16)
Scrolls
 b - 3 scrolls of remove curse
 i - 2 scrolls of enchant weapon
 j - 4 scrolls of fog
 k - a scroll of immolation
 s - 4 scrolls of teleportation
 t - 5 scrolls of identify
 w - a scroll of amnesia
 C - 2 scrolls of blinking {unknown}
 E - 3 scrolls of vulnerability {unknown}
Potions
 e - a potion of flight {unknown}
 g - a potion of ambrosia
 h - 3 potions of curing
 n - a potion of agility {unknown}
 o - 3 potions of haste {unknown}
 p - a potion of berserk rage {unknown}
 q - 2 potions of brilliance {unknown}
 v - 2 potions of mutation {unknown}
 x - a potion of degeneration {unknown}
 z - a potion of magic {unknown}
 A - a potion of heal wounds {unknown}
 B - a potion of invisibility {unknown}
Comestibles
 f - 10 rations
 D - 8 chunks of flesh


   Skills:
 + Level 5.6 Fighting
 + Level 6.9 Axes
 + Level 5.1 Armour
 + Level 1.0 Dodging
 + Level 0.5 Stealth
 + Level 4.9 Shields


You had 7 spell levels left.
You didn't know any spells.
Your spell library contained the following spells:

 Spells                   Type           Power        Failure   Level  Hunger
 Apportation              Tloc           #.....       100%        1    ##.....


Dungeon Overview and Level Annotations

Branches:
Dungeon (7/15)             Temple (1/1) D:7

Altars:
Ashenzari
Cheibriados
Gozag
Hepliaklqana
Kikubaaqudgha
Makhleb
Nemelex Xobeh
Okawaru
Ru
Sif Muna
Trog
Uskayaw
Vehumet
Wu Jian
Xom
Yredelemnul
Zin


Innate Abilities, Weirdness & Mutations

You have a pair of horns on your head.
Your flesh is cold resistant. (rC+)
You are immune to rotting.


Message History

The orc priest calls down the wrath of Beogh upon you.
Beogh smites you!
* * * LOW HITPOINT WARNING * * *
The hornet stings you but does no damage.
The orc wizard mumbles some strange words.
The orc wizard flickers and vanishes!
Deactivating autopickup; reactivate with Ctrl-A.
You hit the hornet. You headbutt the hornet.
The hornet is heavily wounded.
The hornet stings you.
* * * LOW HITPOINT WARNING * * *
You feel as though you will be slow longer.
The hornet stings you but does no damage.
Something hits you but does no damage. You block the hornet's attack.
As you read the scroll of teleportation, it crumbles to dust.
You feel strangely unstable. You block the orc priest's attack.
You block the hornet's attack.
An orc comes into view. It is wielding a +0 dagger.
Something hits you but does no damage. The hornet stings you!
You die...

.....8.....8.....###....###
#................###....##
#.#....>...........'.....#
..............##.###.....#
#.#..........###.###.....#
#<.................#.....#
....8.....8.###.#.#.....#
.....o....# #.#.#...#.#
.....#@### #.#.#.#.#.# #...
#y{# #.#.#.#.#.# ... #o.#
#.#.# #... #.#.# .....
..... ###..# #.# ..


You could see a hornet, an orc priest and an orc.

Vanquished Creatures
  An ice beast (D:7)
  2 phantoms
  An orc warrior (D:7)
  2 ogres
  2 centaurs
  A crocodile (Sewer)
  A big kobold (D:7)
  A wyvern zombie (D:6)
  A scorpion (D:6)
  A howler monkey (D:4)
  A centaur zombie (D:6)
  A crimson imp (D:6)
  4 hounds
  A jelly (D:6)
  3 orc wizards
  An iguana (D:6)
  4 worker ants
  A hound zombie (D:6)
  11 adders
  A river rat (D:6)
  A shadow imp (D:5)
  An ooze (D:7)
  An adder skeleton (D:4)
  3 worms (D:2)
  4 dart slugs
  3 leopard geckos
  12 orcs
  3 ball pythons
  5 giant cockroaches
  10 hobgoblins
  10 jackals (D:5)
  2 quokkas
  15 bats
  5 frilled lizards
  14 goblins
  14 kobolds
  A leopard gecko skeleton (D:5)
  11 rats
156 creatures vanquished.

Notes
Turn   | Place    | Note
-------+----------+-------------------------------------------
     0 | D:1      | galech the Demonspawn Fighter began the quest for the Orb.
     0 | D:1      | Reached XP level 1. HP: 18/18 MP: 1/1
    68 | D:1      | Gained mutation: Your flesh is cold resistant. (rC+)
                  | [demonic ancestry]
    68 | D:1      | Reached XP level 2. HP: 15/24 MP: 2/2
   330 | D:1      | Reached skill level 2 in Axes
   369 | D:1      | Gained mutation: You have a pair of small horns on your
                  | head. [demonic ancestry]
   369 | D:1      | Reached XP level 3. HP: 24/29 MP: 3/3
  1182 | D:2      | Found a burning altar of Makhleb.
  1187 | D:2      | Found a glowing silver altar of Zin.
  1188 | D:2      | Noticed an angel
  1188 | D:2      | Noticed a green death
  1200 | D:2      | Gained mutation: You are immune to rotting. [demonic
                  | ancestry]
  1200 | D:2      | Reached XP level 4. HP: 35/36 MP: 4/4
  1581 | D:2      | Reached skill level 3 in Axes
  1830 | D:3      | Reached XP level 5. HP: 39/42 MP: 5/5
  2159 | D:3      | Found a sparkling altar of Nemelex Xobeh.
  2160 | D:3      | Found an opulent altar of Gozag.
  2366 | D:4      | Reached skill level 4 in Axes
  2396 | D:4      | Reached XP level 6. HP: 46/48 MP: 6/6
  2557 | D:4      | Found a snail-covered altar of Cheibriados.
  2961 | D:5      | Entered Level 5 of the Dungeon
  3015 | D:5      | Gained mutation: You have a pair of horns on your head.
                  | [demonic ancestry]
  3015 | D:5      | Reached XP level 7. HP: 30/54 MP: 5/7
  3139 | D:5      | Found a hide-covered altar of Uskayaw.
  3459 | D:5      | Reached skill level 5 in Axes
  3852 | D:6      | Found a glowing drain.
  3861 | Sewer    | Entered a sewer
  4097 | D:6      | Reached XP level 8. HP: 33/61 MP: 4/8
  4220 | D:6      | Found a shattered altar of Ashenzari.
  4223 | D:6      | Reached skill level 5 in Fighting
  4341 | D:6      | Reached skill level 6 in Axes
  4374 | D:6      | Found an ancient bone altar of Kikubaaqudgha.
  4375 | D:6      | Found a deep blue altar of Sif Muna.
  4377 | D:6      | Found a radiant altar of Vehumet.
  4381 | D:6      | Identified Sif Muna's Tome of the Compass
  4611 | D:7      | Found a staircase to the Ecumenical Temple.
  4620 | Temple   | Entered the Ecumenical Temple
  4648 | Temple   | Became a worshipper of Warmaster Okawaru
  4686 | D:7      | Found a bloodstained altar of Trog.
  5003 | D:7      | Reached skill level 5 in Armour
  5145 | D:7      | Reached skill level 1 in Dodging
  5165 | D:7      | Noticed a hornet
  5167 | D:7      | Paralysed by a hornet for 3 turns
  5173 | D:7      | Paralysed by a hornet for 1 turns
  5176 | D:7      | HP: 1/64 [hornet (3)]
  5177 | D:7      | Slain by a hornet

Vault maps used:
D:1:      grunt_arrival_lava_bath, serial_glass, glass_columns_c,
          glass_columns_a, minmay_hexomino_c4
D:2:      minmay_diamond_boxcup, grunt_temple_overflow_order_and_chaos_2,
          minmay_close_crescents
D:3:      grunt_temple_overflow_opulence, first_ration
D:4:      nicolae_overflow_crystal_walls
D:5:      eat_drink_and_be_merry_uskayaw
D:6:      grunt_temple_overflow_magic_moments, ashenzari_altar_1,
          portal_sewer_entry_b
D:7:      bloody_trog, temple_green, st_stairs_1, the_bakery
Temple:   eino_wide_crystal_templ
Sewer:    sewer_big_baddie

Skill      XL: |  1  2  3  4  5  6  7  8 |
---------------+-------------------------+-----
Axes           | 2 3 4 5 6 |  6.9
Armour         | 3 4 5 |  5.1
Shields        | 3 4 |  4.9
Fighting       | 4 5 |  5.6
Dodging        | 1 |  1.0
Stealth        | |  0.5

Action                   |  1- 3 |  4- 6 |  7- 9 || total
-------------------------+-------+-------+-------++-------
Melee: War axe           |   105 |   256 |   190 ||   551
       Headbutt          |     5 |    47 |    39 ||    91
  Use: Scroll            |       |     7 |     5 ||    12
       Potion            |       |       |     3 ||     3
  Eat: Chunk             |     1 |     7 |     3 ||    11
       Ration            |       |       |     1 ||     1
Armor: Scale mail        |    48 |     2 |       ||    50
       Plate armour      |       |   174 |   130 ||   304
Dodge: Dodged            |    24 |    38 |    22 ||    84
Block: Shield            |    59 |   139 |   108 ||   306

Table legend:
 A = Non-vault XP
 B = Vault XP
 C = Vault XP percentage of total XP
 D = Non-vault monster count
 E = Vault monster count
 F = Vault count percentage of total count
                 A         B        C        D         E       F
            +---------+---------+-------+---------+---------+-------
      Total |    2106 |     305 |  12.7 |     128 |      28 |  17.9
            +---------+---------+-------+---------+---------+-------
        D:1 |      39 |       9 |  18.8 |      23 |       6 |  20.7
        D:2 |      61 |      49 |  44.5 |      24 |      12 |  33.3
        D:3 |     121 |       0 |   0.0 |      22 |       0 |   0.0
        D:4 |     336 |       0 |   0.0 |      12 |       0 |   0.0
        D:5 |     342 |       0 |   0.0 |      16 |       0 |   0.0
        D:6 |     488 |      16 |   3.2 |      12 |       3 |  20.0
        D:7 |     719 |     115 |  13.8 |      19 |       1 |   5.0
      Sewer |       0 |     116 | 100.0 |       0 |       6 | 100.0
            +---------+---------+-------+---------+---------+-------
